 Dungeon Crawl Stone Soup version 0.22-a0-322-g60b3cfd (webtiles) character file.

13914 galech the Grappler (level 11, -6/116 (117) HPs)
             Began as a Troll Monk on Apr 5, 2018.
             Was a High Priest of Okawaru.
             Mangled by a titanic slime creature (80 damage)
             ... on level 10 of the Dungeon.
             The game lasted 00:21:28 (8165 turns).

galech the Grappler (Troll Monk)                    Turns: 8165, Time: 00:21:30

HP:   -6/116 (117)  AC:  8    Str: 24    XL:     11   Next: 81%
MP:   10/10         EV: 15    Int:  6    God:    Okawaru [*****.]
Gold: 541           SH:  0    Dex: 15    Spells: 10/10 levels left

rFire    . . .     SeeInvis +     - Unarmed
rCold    . . .     Gourm    +   (no shield)
rNeg     . . .     Faith    .   N - +0 troll leather armour
rPois    .         Spirit   .   o - +0 hat
rElec    .         Reflect  .   M - +0 cloak
rCorr    .         Harm     .   (gloves unavailable)
MR       .....                  (boots unavailable)
Stlth    ++........             G - amulet of magic regeneration
HPRegen  1.09/turn              L - ring of see invisible
MPRegen  0.37/turn              z - +3 ring of dexterity

@: no status effects
A: large, unfitting armour, claws 3, fast metabolism 3, gourmand, regeneration
1, shaggy fur 1, tough skin 2
a: Heroism, Finesse, Renounce Religion


You were on level 10 of the Dungeon.
You worshipped Okawaru.
Okawaru was extremely pleased with you.
You were completely stuffed.

You visited 2 branches of the dungeon, and saw 11 of its levels.
You also visited: Sewer and Ossuary.

You collected 541 gold pieces.

Inventory:

Hand Weapons
 D - the +8 spear of Vethrev {pierce, Str+9}
   (You found it on level 7 of the Dungeon)

   It inflicts extra damage upon your enemies.
   It affects your strength (+9).
 O - a +5 glaive of chopping
Armour
 a - a +0 robe
 o - a +0 hat (worn)
 M - a +0 cloak (worn)
 N - a +0 troll leather armour (worn)
Jewellery
 m - an uncursed ring of flight
 z - a +3 ring of dexterity (right claw)
 G - an amulet of magic regeneration (around neck)
 L - a ring of see invisible (left claw)
Wands
 f - a wand of disintegration (12)
 x - a wand of flame (11)
 H - a wand of random effects (30)
 I - a wand of paralysis (15)
 P - a wand of polymorph (4)
Scrolls
 h - a scroll of noise
 i - 5 scrolls of remove curse
 k - 3 scrolls of immolation
 p - 2 scrolls of fear
 s - 3 scrolls of holy word
 v - 2 scrolls of amnesia
 y - 5 scrolls of enchant armour
 E - a scroll of fog
 F - 2 scrolls of vulnerability
 K - a scroll of random uselessness
 R - 3 scrolls of magic mapping {unknown}
Potions
 c - 2 potions of mutation {unknown}
 d - 3 potions of haste {unknown}
 g - 3 potions of degeneration {unknown}
 j - 4 potions of heal wounds {unknown}
 l - a potion of agility {unknown}
 n - 4 potions of curing {unknown}
 q - 6 potions of flight
 t - a potion of ambrosia {unknown}
 u - 3 potions of brilliance {unknown}
 w - a potion of lignification
 A - 2 potions of might {unknown}
 B - 2 potions of magic {unknown}
 C - a potion of resistance
 J - a potion of invisibility
Comestibles
 b - 34 rations
 Q - 7 chunks of flesh


   Skills:
 + Level 9.7 Fighting
 + Level 9.7 Dodging
 - Level 1.1 Stealth
 + Level 11.5 Unarmed Combat


You had 10 spell levels left.
You didn't know any spells.

Dungeon Overview and Level Annotations

Branches:
Dungeon (10/15)            Temple (1/1) D:4            Lair (0/6) D:10
    Orc: D:9-12

Altars:
Ashenzari
Cheibriados
Dithmenos
Elyvilon
Fedhas
Gozag
Hepliaklqana
Kikubaaqudgha
Makhleb
Nemelex Xobeh
Okawaru
Qazlal
Ru
Sif Muna
Trog
Wu Jian
Xom
Zin
The Shining One

Shops:
D:4 =


Innate Abilities, Weirdness & Mutations

You are too large for most types of armour.
You have claws for hands.
Your metabolism is lightning-fast.
You like to eat raw meat.
Your natural rate of healing is unusually fast.
You are covered in fur. (AC +1)
You have very tough skin. (AC +2)


Message History

Two slime creatures merge to form a titanic slime creature.
You mangle the titanic slime creature!!
The titanic slime creature is heavily wounded.
You claw the titanic slime creature!
The titanic slime creature is heavily wounded.
You claw the titanic slime creature!
The titanic slime creature is severely wounded.
You scratch the titanic slime creature. You claw the titanic slime creature!
The titanic slime creature is severely wounded.
The titanic slime creature barely misses you.
You barely miss the titanic slime creature.
The titanic slime creature is severely wounded.
The titanic slime creature hits you!!!
You mangle the titanic slime creature!!
The titanic slime creature is severely wounded.
You completely miss the titanic slime creature.
The titanic slime creature is severely wounded.
The titanic slime creature hits you!!!!
Ouch! That really hurt!
You die...

#######
############.......
#.......@J.........
......#####...####
#.### #...# #...#
.....# .#......
#J.J..J##.# #
...... # .......


You could see a titanic slime creature.

Vanquished Creatures
  5 death yaks
  2 two-headed ogres
  Maurice (D:9)
  Joseph (D:7)
  A gargoyle (D:10)
  A centaur skeleton (D:10)
  The ghost of Galewind the Conjurer, a novice DECj of Vehumet (D:5)
  A queen bee (D:9)
  4 trolls
  Prince Ribbit (D:8)
  A spriggan (D:10)
  12 yaks
  A wyvern (D:9)
  A vampire (D:9)
  2 hungry ghosts
  An orc warrior (D:8)
  An ice beast (D:10)
  A sky beast (D:7)
  A necrophage (D:7)
  2 black bears (D:10)
  A phantom (D:5)
  5 ogres
  3 centaurs
  4 bullfrogs
  3 scorpions
  33 killer bees
  2 howler monkeys
  A crimson imp (D:7)
  2 jellies
  3 hounds
  5 orc wizards
  2 orc priests (D:4)
  4 iguanas
  A merfolk avatar (Sewer)
  6 worker ants
  A merfolk siren (Sewer)
  13 mummies (Ossuary)
  A worker ant zombie (D:5)
  17 gnolls
  14 adders
  3 river rats (Sewer)
  3 shadow imps
  An ooze (D:2)
  2 worms
  2 adder skeletons
  3 dart slugs
  4 leopard geckos
  18 orcs
  5 ball pythons (Sewer)
  10 giant cockroaches
  14 goblins
  9 hobgoblins
  3 jackals (D:5)
  4 quokkas
  9 bats
  5 frilled lizards
  A giant cockroach zombie (D:5)
  5 gnoll skeletons (Ossuary)
  A goblin skeleton (Ossuary)
  12 kobolds
  2 orc skeletons (Ossuary)
  A quokka skeleton (D:7)
  27 rats
  11 rat skeletons (Ossuary)
317 creatures vanquished.

Notes
Turn   | Place    | Note
-------+----------+-------------------------------------------
     0 | D:1      | galech the Troll Monk began the quest for the Orb.
     0 | D:1      | Reached XP level 1. HP: 22/22 MP: 0/0
   222 | D:1      | Reached XP level 2. HP: 29/29 MP: 1/1
   485 | D:1      | Reached XP level 3. HP: 14/36 MP: 2/2
   695 | D:2      | Reached skill level 4 in Unarmed Combat
   695 | D:2      | Reached XP level 4. HP: 41/44 MP: 3/3
   999 | D:3      | Found a blossoming altar of Fedhas.
  1048 | D:3      | Reached XP level 5. HP: 50/53 MP: 4/4
  1648 | D:4      | Reached XP level 6. HP: 61/61 MP: 5/5
  1685 | D:4      | Reached skill level 5 in Unarmed Combat
  1715 | D:4      | Found Jothriev's Jewellery Boutique.
  1723 | D:4      | Noticed a hungry ghost
  1838 | D:3      | Killed a hungry ghost
  1838 | D:3      | Reached XP level 7. HP: 64/70 MP: 6/6
  1899 | D:4      | Found a burning altar of Makhleb.
  2039 | D:4      | Found a staircase to the Ecumenical Temple.
  2048 | Temple   | Entered the Ecumenical Temple
  2056 | Temple   | Became a worshipper of Warmaster Okawaru
  2056 | Temple   | Reached * piety under Okawaru
  2056 | Temple   | Reached ** piety under Okawaru
  2116 | D:5      | Entered Level 5 of the Dungeon
  2116 | D:5      | Noticed Galewind's ghost (novice DECj)
  2125 | D:5      | Killed Galewind's ghost
  2125 | D:5      | Reached skill level 6 in Unarmed Combat
  2131 | D:5      | Reached skill level 5 in Dodging
  2131 | D:5      | Reached XP level 8. HP: 59/79 MP: 5/7
  2198 | D:5      | Reached skill level 5 in Fighting
  2228 | D:5      | Found a glowing drain.
  2235 | Sewer    | Entered a sewer
  2668 | D:5      | Found a shimmering altar of Xom.
  2764 | D:5      | Found a sand-covered staircase.
  2773 | Ossuary  | Entered an ossuary
  2823 | Ossuary  | Reached *** piety under Okawaru
  3231 | D:5      | Reached skill level 7 in Unarmed Combat
  3704 | D:6      | Found a snail-covered altar of Cheibriados.
  4538 | D:7      | Reached XP level 9. HP: 86/89 MP: 8/8
  4734 | D:7      | Noticed Joseph
  4744 | D:7      | Killed Joseph
  4744 | D:7      | Reached skill level 8 in Unarmed Combat
  4778 | D:7      | Got a scorched spear
  4779 | D:7      | Identified the +8 spear of Vethrev {pierce, Str+9} (You found it on level 7 of the Dungeon)
  4896 | D:7      | Reached **** piety under Okawaru
  5207 | D:8      | Noticed a two-headed ogre
  5219 | D:8      | Killed a two-headed ogre
  5247 | D:8      | Found a glowing silver altar of Zin.
  5248 | D:8      | Noticed Prince Ribbit
  5401 | D:8      | Killed Prince Ribbit
  5586 | D:8      | Reached skill level 9 in Unarmed Combat
  5758 | D:8      | Found a glowing golden altar of the Shining One.
  5843 | D:8      | Reached XP level 10. HP: 54/101 MP: 6/9
  6458 | D:9      | Noticed a two-headed ogre
  6470 | D:9      | Killed a two-headed ogre
  6566 | D:9      | Noticed Maurice
  6573 | D:9      | Killed Maurice
  6573 | D:9      | Reached ***** piety under Okawaru
  6590 | D:9      | Found a shadowy altar of Dithmenos.
  6624 | D:9      | Reached skill level 10 in Unarmed Combat
  7183 | D:9      | Found a deep blue altar of Sif Muna.
  7183 | D:9      | Found a stormy altar of Qazlal.
  7188 | D:9      | Found a sacrificial altar of Ru.
  7190 | D:9      | Found an ornate altar of the Wu Jian Council.
  7192 | D:9      | Found a white marble altar of Elyvilon.
  7294 | D:10     | Entered Level 10 of the Dungeon
  7336 | D:10     | Noticed a death yak
  7337 | D:10     | Noticed a death yak
  7344 | D:10     | Noticed a death yak
  7350 | D:10     | Noticed a death yak
  7353 | D:10     | Noticed a death yak
  7357 | D:10     | Killed a death yak
  7357 | D:10     | Received a gift from Okawaru
  7357 | D:10     | Reached XP level 11. HP: 71/112 MP: 10/10
  7358 | D:10     | Got a crude hat {god gift}
  7378 | D:9      | Killed a death yak
  7389 | D:9      | Identified the -6 hat of Usaagaikk {Dex+5} (Okawaru gifted it to you on level 10 of the Dungeon)
  7432 | D:10     | Killed a death yak
  7444 | D:10     | Killed a death yak
  7500 | D:10     | Found a staircase to the Lair.
  7564 | D:10     | Reached skill level 11 in Unarmed Combat
  7576 | D:10     | Killed a death yak
  7576 | D:10     | Received a gift from Okawaru
  8012 | D:10     | Paralysed by a hornet for 3 turns
  8165 | D:10     | Mangled by a titanic slime creature

Vault maps used:
D:1:      dpeg_arrival_tiny_e
D:2:      first_ration
D:3:      old_standard_altar
D:4:      cheibrodos_quashed, makhleb_heckhound_becter, temple_hall,
          serial_shops, nicolae_shop_temple_entry_statues_fountains
D:5:      overflow_temple_1_default, nicolae_ossuary_entry_monument,
          gup_sewer_entry_bubbles
D:6:      corexii_shantytown, cheibrodos_worm_habitat
D:7:      uniq_joseph
D:8:      kennysheep_mini, overflow_temple_1_default, uniq_prince_ribbit1
D:9:      nicolae_dithmenos_shadow_blocks, chequers_temple_overflow_minitemple,
          uniq_maurice
D:10:     dpeg_lair_monsters, the_bakery
Temple:   eino_temple_lava
Sewer:    sewer_sea
Ossuary:  ossuary_due_small_catacomb

Skill      XL: |  1  2  3  4  5  6  7  8  9 10 11 |
---------------+----------------------------------+-----
Unarmed Combat | 4 5 6 7 9 10 11 | 11.5
Dodging        | 3 4 5 6 7 8 9 |  9.7
Fighting       | 3 4 6 7 8 9 |  9.7
Stealth        | |  1.1

Action                   |  1- 3 |  4- 6 |  7- 9 | 10-12 || total
-------------------------+-------+-------+-------+-------++-------
Melee: Unarmed           |    77 |   135 |   390 |   322 ||   924
       Punch             |     3 |     5 |    17 |    21 ||    46
Invok: Heroism           |       |       |     4 |     8 ||    12
  Use: Scroll            |       |       |     7 |    11 ||    18
 Stab: Sleeping          |       |     3 |    12 |     1 ||    16
       Distracted        |       |       |       |     1 ||     1
  Eat: Chunk             |    12 |    18 |    45 |    28 ||   103
Armor: Robe              |    33 |    29 |    69 |    17 ||   148
       Troll leather arm |       |       |       |    32 ||    32
Dodge: Dodged            |    50 |    87 |   190 |   255 ||   582

Table legend:
 A = Spawn XP
 B = Non-spawn XP
 C = Spawn XP percentage of total XP
 D = Spawn monster count
 E = Non-spawn monster count
 F = Spawn count percentage of total count
 G = Total turns spent on level
                    A         B        C        D         E        F      G
               +---------+---------+-------+---------+---------+-------+---------
         Total |       0 |   19878 |   0.0 |       0 |     317 |   0.0 |  8165
               +---------+---------+-------+---------+---------+-------+---------
           D:1 |       0 |      37 |   0.0 |       0 |      14 |   0.0 |   503
           D:2 |       0 |      93 |   0.0 |       0 |      16 |   0.0 |   404
           D:3 |       0 |     429 |   0.0 |       0 |      30 |   0.0 |   820
           D:4 |       0 |     393 |   0.0 |       0 |      17 |   0.0 |   383
           D:5 |       0 |    1026 |   0.0 |       0 |      26 |   0.0 |   787
           D:6 |       0 |     268 |   0.0 |       0 |      33 |   0.0 |   862
           D:7 |       0 |    1153 |   0.0 |       0 |      16 |   0.0 |   714
           D:8 |       0 |    1904 |   0.0 |       0 |      18 |   0.0 |   818
           D:9 |       0 |    5796 |   0.0 |       0 |      40 |   0.0 |  1354
          D:10 |       0 |    8358 |   0.0 |       0 |      35 |   0.0 |   815
         Sewer |       0 |     170 |   0.0 |       0 |      40 |   0.0 |   391
       Ossuary |       0 |     251 |   0.0 |       0 |      32 |   0.0 |   297
               +---------+---------+-------+---------+---------+-------+---------
